 Dungeon Crawl Stone Soup version 0.28.0-62-gf88900778d (webtiles) character file.

Game seed: 3766082936770141265

10731 cbfl8 the Cleaver (level 11, 0/148 HPs)
             Began as a Minotaur Berserker on Feb 23, 2023.
             Was a High Priest of Trog.
             Slain by Snorg (18 damage)
             ... on level 11 of the Dungeon.
             The game lasted 00:12:44 (14719 turns).

cbfl8 the Cleaver (Minotaur Berserker)             Turns: 14719, Time: 00:12:45

Health: 0/148      AC: 12    Str: 21    XL:     11   Next: 40%
Magic:  10/10      EV: 14    Int:  4    God:    Trog [*****.]
Gold:   440        SH:  0    Dex: 15    Spells: 10/10 levels left

rFire   + . .      SeeInvis .   u - +4 battleaxe (freeze)
rCold   . . .      Faith    .   (shield currently unavailable)
rNeg    . . .      Spirit   .   z - +0 swamp dragon scales
rPois   +          Reflect  .   (helmet restricted)
rElec   .          Harm     .   s - +0 cloak
rCorr   .          Rampage  .   (no gloves)
Will    .....                   p - +0 pair of boots
Stlth   ..........              (no amulet)
HPRegen 0.34/turn               e - ring of poison resistance
MPRegen 0.12/turn               h - ring of protection from fire

@: berserking, very quick
A: horns 2, retaliatory headbutt
a: Renounce Religion, Berserk, Trog's Hand, Brothers in Arms


You were on level 11 of the Dungeon.
You worshipped Trog.
Trog was extremely pleased with you.
You visited 1 branch of the dungeon, and saw 11 of its levels.
You also visited: Sewer.

You collected 440 gold pieces.

Inventory:

Hand Weapons
 u - a +4 battleaxe of freezing (weapon)
 L - a +2 war axe of freezing
Missiles
 a - a throwing net
Armour
 p - a +0 pair of boots (worn)
 s - a +0 cloak (worn)
 w - a +1 buckler of reflection
 z - +0 swamp dragon scales (worn)
Jewellery
 e - a ring of poison resistance (left hand)
 h - a ring of protection from fire (right hand)
 H - a ring of protection from cold
Wands
 l - a wand of polymorph (7)
 r - a wand of flame (15)
 K - a wand of charming (12)
 O - a wand of acid (7)
Scrolls
 f - a scroll of enchant weapon
 i - a scroll of torment {unknown}
 j - 2 scrolls of vulnerability {unknown}
 o - 3 scrolls of teleportation
 q - 3 scrolls of immolation
 x - 4 scrolls of silence
 y - 2 scrolls of noise
 D - 2 scrolls of amnesia {unknown}
 I - a scroll of holy word {unknown}
 J - a scroll of magic mapping {unknown}
Potions
 b - a potion of berserk rage {unknown}
 c - 2 potions of lignification {unknown}
 d - 5 potions of cancellation
 g - a potion of mutation {unknown}
 k - 2 potions of flight {unknown}
 m - 4 potions of haste
 n - 2 potions of resistance {unknown}
 t - 4 potions of curing
 v - 4 potions of heal wounds
 A - 2 potions of attraction {unknown}
 B - 2 potions of degeneration {unknown}
 C - 2 potions of experience {unknown}
 E - 3 potions of invisibility
 F - 2 potions of might {unknown}
 G - a potion of magic {unknown}
 M - a potion of ambrosia {unknown}


   Skills:
 + Level 9.9 Fighting
 + Level 14.1 Axes
 + Level 9.6 Armour
 + Level 6.5 Dodging
 + Level 3.4 Stealth
 + Level 5.3 Shields
 + Level 2.1 Evocations


You had 10 spell levels left.
You didn't know any spells.
Your spell library was empty.

Dungeon Overview and Level Annotations

Branches:
Dungeon (11/15)            Temple (0/1) D:5            Lair (0/6) D:10
    Orc (0/2) D:9           Sewer (visited)

Altars:
Hepliaklqana

Shops:
D:1 (   D:3 *

Annotations:
D:5 2 transporters
D:11 Snorg


Innate Abilities, Weirdness & Mutations

You have a pair of horns on your head.
You reflexively headbutt those who attack you in melee.


Message History

There are monsters nearby!
You closely miss Snorg. You headbutt Snorg!
Snorg is heavily wounded.
Snorg closely misses you. x2; Snorg claws you but does no damage.
The howler monkey hoots and howls with incredible vigour!
Snorg bites you!! Snorg claws you. Snorg misses you.
A red film seems to cover your vision as you go berserk!
You feel yourself moving faster!
You feel mighty!
The howler monkey hoots and howls with incredible vigour!
Snorg misses you. Snorg claws you! Snorg claws you.
The howler monkey barely misses you.
You hear a shout!
You slash Snorg! You freeze Snorg. You headbutt Snorg.
Snorg is heavily wounded.
You slash the howler monkey! You freeze the howler monkey. Snorg bites you!
Snorg closely misses you. Snorg claws you but does no damage.
The howler monkey hits you.
Unknown command.
You hit Snorg. You freeze Snorg. Your headbutt misses Snorg.
Snorg is heavily wounded.
You slice the howler monkey!! You freeze the howler monkey.
You kill the howler monkey!
Trog accepts your kill. Snorg bites you! Snorg misses you.
Snorg barely misses you.
Unknown command.
You are too injured to fight recklessly!
Unknown command.
You are too injured to fight recklessly!
You slice Snorg!! You freeze Snorg.
Snorg is almost dead.
Snorg bites you!! Snorg completely misses you. Snorg claws you!!
* * * LOW HITPOINT WARNING * * *
You slash Snorg! You freeze Snorg.
Snorg is almost dead.
You barely miss the howler monkey. Snorg bites you!
* * * LOW HITPOINT WARNING * * *
Snorg claws you.
* * * LOW HITPOINT WARNING * * *
Snorg claws you!!
You die...

....#.#...# .. #......
.##'#.#####... . #......
.#............ .#+#####.
...... .#............
......... ......
.#.........### #........
...... ##.........#
#........ ......
...........# #........
...... ...........#
#Th...... ######
###........#####@.......
#.....................
#.................####
###################


You could see Snorg (berserk) and a howler monkey.

Vanquished Creatures
  Harold (D:9)
  An ugly thing (D:9)
  A salamander (shapeshifter) (D:10)
  Maggie (D:6)
  An efreet (D:9)
  A tengu conjurer (D:9)
  A slime creature (D:9)
  15 yaks
  2 wraiths
  A shadow (D:8)
  5 steam dragons
  4 water moccasins
  A necrophage (D:5)
  5 orc warriors
  2 ogres
  3 phantoms
  7 centaurs
  11 kobold brigands
  2 bullfrogs
  A gnoll sergeant (D:10)
  2 scorpions
  A water moccasin skeleton (D:5)
  13 killer bees
  A wight (D:9)
  2 howler monkeys
  4 electric eels (D:10)
  A bullfrog zombie (D:6)
  6 centaur zombies
  2 orc priests (D:9)
  A hound (D:7)
  Crazy Yiuf (D:3)
  2 bullfrog skeletons
  A gnoll shaman (D:4)
  6 iguanas
  4 orc wizards (D:9)
  Terence (D:2)
  A hound skeleton (D:4)
  4 howler monkey zombies (D:9)
  11 gnolls
  A howler monkey skeleton (D:6)
  9 adders
  A worm (D:2)
  A dart slug (D:2)
  21 orcs
  10 ball pythons
  5 endoplasms
  4 giant cockroaches
  6 goblins
  10 hobgoblins
  3 jackals (D:1)
  24 kobolds
  A quokka (D:3)
  7 bats
  6 frilled lizards
  10 rats
  A spectral orc (D:6)
250 creatures vanquished.

Vanquished Creatures (others)
  A fungus (Sewer)
  10 plants
11 creatures vanquished.

Grand Total: 261 creatures vanquished

Notes
Turn   | Place    | Note
-------+----------+-------------------------------------------
     0 | D:1      | cbfl8 the Minotaur Berserker began the quest for the Orb.
     0 | D:1      | Reached XP level 1. HP: 19/19 MP: 0/0
    37 | D:1      | Reached skill level 4 in Axes
    37 | D:1      | Reached XP level 2. HP: 23/27 MP: 1/1
   244 | D:1      | Found Loskyv's Weapon Shoppe.
   736 | D:1      | Found a faded altar of an unknown god.
   925 | D:1      | Reached XP level 3. HP: 28/33 MP: 2/2
  1320 | D:2      | Reached ** piety under Trog
  1461 | D:2      | Reached XP level 4. HP: 41/41 MP: 3/3
  2010 | D:2      | Noticed Terence
  2015 | D:2      | Killed Terence
  2016 | D:2      | Reached skill level 5 in Axes
  2646 | D:3      | Noticed a phantom
  2659 | D:3      | Killed a phantom
  2660 | D:3      | Reached skill level 1 in Stealth
  2660 | D:3      | Reached XP level 5. HP: 28/47 MP: 4/4
  2945 | D:3      | Found Tergh's Assorted Antiques.
  3374 | D:3      | Found a runed translucent door.
  3375 | D:3      | Noticed Crazy Yiuf
  3398 | D:3      | Reached skill level 5 in Fighting
  3479 | D:3      | Killed Crazy Yiuf
  3687 | D:4      | Noticed a phantom
  3696 | D:4      | Killed a phantom
  3697 | D:4      | Reached skill level 6 in Axes
  3697 | D:4      | Reached XP level 6. HP: 38/56 MP: 5/5
  4402 | D:4      | Reached XP level 7. HP: 50/61 MP: 6/6
  4883 | D:4      | Reached *** piety under Trog
  4923 | D:4      | Reached skill level 7 in Axes
  5086 | D:5      | Entered Level 5 of the Dungeon
  5106 | D:5      | Found a staircase to the Ecumenical Temple.
  5297 | D:5      | Reached skill level 5 in Armour
  5592 | D:5      | Reached XP level 8. HP: 55/70 MP: 7/7
  5763 | D:5      | Found a transporter.
  5764 | D:5      | Found a transporter.
  5885 | D:5      | Reached skill level 8 in Axes
  6142 | D:6      | Noticed Maggie
  6154 | D:6      | Killed Maggie
  6155 | D:6      | Reached skill level 1 in Shields
  6363 | D:6      | Found a glowing drain.
  6397 | Sewer    | Entered a sewer
  6482 | Sewer    | Reached skill level 1 in Evocations
  6610 | Sewer    | Reached skill level 9 in Axes
  6917 | Sewer    | Reached XP level 9. HP: 66/78 MP: 8/8
  7612 | D:6      | Found a hazy altar of Hepliaklqana.
  8457 | D:8      | Reached skill level 10 in Axes
  8466 | D:8      | Reached **** piety under Trog
  8494 | D:8      | Reached skill level 5 in Dodging
  9540 | D:8      | Reached skill level 11 in Axes
  9847 | D:8      | Reached XP level 10. HP: 40/88 MP: 9/9
 10715 | D:9      | Reached skill level 12 in Axes
 10787 | D:9      | Found a staircase to the Orcish Mines.
 10885 | D:9      | Noticed Harold
 10893 | D:9      | Killed Harold
 11037 | D:9      | Reached ***** piety under Trog
 11048 | D:9      | Reached skill level 5 in Shields
 11521 | D:9      | Noticed a purple ugly thing
 11523 | D:9      | Noticed a white ugly thing
 11540 | D:9      | Killed a white ugly thing
 11562 | D:9      | Reached skill level 13 in Axes
 11817 | D:9      | Reached XP level 11. HP: 97/97 MP: 10/10
 11882 | D:10     | Entered Level 10 of the Dungeon
 12081 | D:10     | Found a staircase to the Lair.
 14573 | D:11     | Reached skill level 14 in Axes
 14709 | D:11     | Noticed Snorg
 14719 | D:11     | Slain by Snorg

Illustrated notes

Levels and vault maps discovered:
D:1:      erik_arrival_triangle_small, layout_loops_corners, serial_shops, shop,
          shapermc_ecumenical_altar_gd
D:2:      layout_basic, uniq_terence
D:3:      layout_loops_ring, serial_shops, nicolae_shop_overgrown_old_shop,
          uniq_crazy_yiuf_cottage
D:4:      kennysheep_big_flooded_room, layout_gridville
D:5:      layout_rooms, minmay_temple_entry_statues_pillars,
          gammafunk_ghost_gnarly_gnolls, kennysheep_generic_room_6
D:6:      layout_loops_ring, nicolae_hepliaklqana_monster_ancestors,
          gup_sewer_entry_glass, uniq_maggie
D:7:      layout_basic
D:8:      layout_layer_cave
D:9:      cheibrodos_fzero, layout_irregular_city, erik_orc_4, minivault_26,
          grunt_tough_drop, uniq_harold
D:10:     layout_basic, lair_entry_dummy
D:11:     layout_irregular_city, tso_metal_star, uniq_josephine, uniq_maurice,
          uniq_snorg

Skill      XL: |  1  2  3  4  5  6  7  8  9 10 11 |
---------------+----------------------------------+-----
Fighting       | 4 5 6 8 9 |  9.9
Axes           | 4 5 6 7 9 11 13 14 | 14.1
Dodging        | 3 4 5 6 |  6.5
Stealth        | 1 2 3 |  3.4
Armour         | 3 4 5 7 8 9 |  9.6
Shields        | 1 3 5 |  5.3
Evocations     | 1 2 |  2.1

Action                   |  1- 3 |  4- 6 |  7- 9 | 10-12 || total
-------------------------+-------+-------+-------+-------++-------
Melee: Hand axe          |    62 |   109 |   182 |       ||   353
       Headbutt          |    10 |    28 |    58 |    32 ||   128
       Punch             |     1 |       |     1 |       ||     2
       War axe           |       |       |   121 |    75 ||   196
       Battleaxe         |       |       |       |   105 ||   105
Invok: Berserk           |       |     2 |     3 |     4 ||     9
       Trog's Hand       |       |       |     1 |       ||     1
Evoke: Wand              |       |       |     9 |     7 ||    16
  Use: Scroll            |     2 |       |     1 |    11 ||    14
 Stab: Sleeping          |     1 |     1 |     1 |     1 ||     4
Armor: Animal skin       |     3 |     3 |       |       ||     6
       Scale mail        |       |    27 |    34 |       ||    61
       Swamp dragon scal |       |       |    82 |    71 ||   153
       Skin              |       |       |     1 |       ||     1
Dodge: Dodged            |    49 |    60 |   178 |   138 ||   425
Block: Buckler           |       |       |    88 |    34 ||   122
       Reflection        |       |       |     7 |     6 ||    13
